 Dungeon Crawl Stone Soup version 0.30.0-29-ga12c61a403 (webtiles) character file.

Game seed: 13739520229683099569

193 qw the Chopper (level 5, 0/33 HPs)
             Began as a Gargoyle Fighter on June 5, 2023.
             Killed by divine providence
             ... invoked by an orc priest
              (15 damage)
             ... on level 4 of the Dungeon.
             The game lasted 00:01:26 (2779 turns).

qw the Chopper (Gargoyle Fighter)                   Turns: 2779, Time: 00:01:27

Health: 0/33       AC: 14    Str: 22    XL:     5   Next: 72%
Magic:  5/5        EV:  8    Int:  8    God:
Gold:   230        SH:  4    Dex:  9    Spells: 4/4 levels left

rFire   . . .        Y - +0 war axe
rCold   . . .        c - +0 buckler
rNeg    + . .        j - +0 chain mail
rPois   inf          k - +1 hat
rElec   +            (no cloak)
rCorr   .            (no gloves)
SInv    .            (no boots)
Will    .....        i - amulet of faith Stlth
                     (no ring)
HPRegen 0.25/turn    (no ring)
MPRegen 0.09/turn

%: faith
@: no status effects
A: sickness immunity, AC +4, negative energy resistance 1, electricity
resistance, torment resistance 1, petrification resistance
a: no special abilities


You were on level 4 of the Dungeon.
You visited 1 branch of the dungeon, and saw 4 of its levels.

You collected 230 gold pieces.


Innate Abilities, Weirdness & Mutations

You are immune to sickness and miasma.
Your stone body is resilient. (AC +4)
You are immune to poison.
You resist negative energy. (rN+)
You are resistant to electric shocks. (rElec)
You are resistant to unholy torment.
You are immune to petrification.


   Skills:
 + Level 3.7 Fighting
 - Level 5.0 Axes
 - Level 3.2 Armour
 - Level 3.2 Shields


You had 4 spell levels left.
You didn't know any spells.
Your spell library was empty.

Inventory:

Hand Weapons
 f - a +0 mace
 Y - a +0 war axe (weapon)
Armour
 c - a +0 buckler (worn)
 j - a +0 chain mail (worn)
 k - a +1 hat (worn)
Jewellery
 i - an amulet of faith (around neck)
Scrolls
 a - 3 scrolls of teleportation
 e - a scroll of identify
Potions
 b - a potion of cancellation {unknown}
 d - 4 potions of might
 g - a potion of attraction
 h - a potion of degeneration {unknown}
 m - a potion of lignification {unknown}
 n - a potion of haste {unknown}

Dungeon Overview and Level Annotations

Branches:
Dungeon (4/15)
 Temple: D:4-7

Altars:


Message History

The orc wizard casts a spell at you. The magic dart hits you.
You miss the orc wizard.
The orc wizard is almost dead.
The orc wizard points at you and mumbles some strange words.
The puff of flame hits you but does no damage.
You hit the orc wizard.
You kill the orc wizard!
You barely miss the orc.
The orc is moderately wounded.
The orc hits you but does no damage.
You hit the orc.
The orc is almost dead.
The orc barely misses you.
You hit the orc.
You kill the orc!
The orc priest barely misses you.
You closely miss the orc priest.
The orc priest hits you but does no damage.
You barely miss the orc priest. The orc priest closely misses you.
You closely miss the orc priest. The orc priest completely misses you.
You closely miss the orc priest. The orc priest closely misses you.
You block the orc priest's attack.
You slash the orc priest!
The orc priest is heavily wounded.
The orc priest closely misses you.
You completely miss the orc priest.
The orc priest is heavily wounded.
The orc priest calls down the wrath of Beogh upon you.
Beogh smites you!
You hit the orc priest.
The orc priest is severely wounded.
The orc priest barely misses you. x2
You barely miss the orc priest.
The orc priest is severely wounded.
The orc priest invokes the aid of Beogh against you.
Beogh smites you!
You die...

## #.# ### #.#
#o## ## #.###o.#
.# #.#@##.# #.
##.## oo . #.##
##.## ...
#...###..###...#
...
..............##
#. ..
#.....###..# #.
##.........##..#
#.##............#
#..#..........###


You could see an orc priest and an orc.

Vanquished Creatures
  2 orc wizards (D:4)
  Terence (D:3)
  5 adders
  A worm (D:2)
  4 dart slugs
  3 orcs
  9 ball pythons
  3 endoplasms
  2 giant cockroaches (D:2)
  8 goblins
  3 hobgoblins
  6 bats
  3 frilled lizards
  6 kobolds
  8 rats
64 creatures vanquished.

Notes
Turn   | Place    | Note
-------+----------+-------------------------------------------
     0 | D:1      | qw the Gargoyle Fighter began the quest for the Orb.
     0 | D:1      | Reached XP level 1. HP: 14/14 MP: 1/1
     0 | D:1      | 0 ||| qw: Version: 0.2-a-108-gee2c290
     0 | D:1      | 0 ||| qw: Game counter: 1332
     0 | D:1      | 0 ||| qw: Always use a shield: true
     0 | D:1      | 0 ||| qw: God list: Okawaru
     0 | D:1      | 0 ||| qw: Allow faded altars: false
     0 | D:1      | 0 ||| qw: Do Orc after D:15 true
     0 | D:1      | 0 ||| qw: Do second Lair branch before Depths: true
     0 | D:1      | 0 ||| qw: Lair rune preference: random
     0 | D:1      | 0 ||| qw: Plans: Normal, Zot:1-4, Slime:5, God:TSO, Crypt,
                  | Tomb, Abyss, Pan, Hells, Win
     0 | D:1      | 0 ||| PLANNING D:1-11
    73 | D:1      | Reached skill level 2 in Axes
   195 | D:1      | Reached XP level 2. HP: 17/19 MP: 2/2
   285 | D:1      | 285 ||| Stepping ~*~*~tactically~*~*~ (hiding).
   449 | D:1      | 449 ||| Stepping ~*~*~tactically~*~*~ (hiding).
   908 | D:1      | 908 ||| READING scroll labelled YTZAVO KETZOMIS.
   909 | D:1      | 909 ||| READING scroll labelled FAGAIH TERUSER.
   910 | D:1      | 910 ||| READING scroll labelled QANAUPL XOACS.
   939 | D:2      | Reached skill level 3 in Axes
   976 | D:2      | Reached XP level 3. HP: 23/23 MP: 3/3
  1134 | D:2      | 1134 ||| Stepping ~*~*~tactically~*~*~ (stealth).
  1135 | D:2      | 1135 ||| DROPPING +0 club.
  1137 | D:2      | 1137 ||| Stepping ~*~*~tactically~*~*~ (hiding).
  1151 | D:2      | 1151 ||| Stepping ~*~*~tactically~*~*~ (stealth).
  1387 | D:2      | Found a faded altar of an unknown god.
  1408 | D:2      | 1408 ||| Stepping ~*~*~tactically~*~*~ (stealth).
  1409 | D:2      | 1409 ||| Stepping ~*~*~tactically~*~*~ (stealth).
  1480 | D:2      | Reached XP level 4. HP: 26/28 MP: 4/4
  1787 | D:2      | 1787 ||| UPGRADING to +0 chain mail.
  1797 | D:2      | 1797 ||| DROPPING +0 scale mail.
  1798 | D:2      | 1798 ||| UPGRADING to +1 hat.
  1803 | D:2      | 1803 ||| UPGRADING to amulet of faith.
  1808 | D:2      | 1808 ||| READING scroll labelled RUQU RENUDU BIOJARR.
  1809 | D:2      | 1809 ||| READING scroll labelled SAMOFI RUGIE.
  1810 | D:2      | 1810 ||| DRINKING 2 blue potions.
  1850 | D:3      | Reached skill level 4 in Axes
  1894 | D:3      | 1894 ||| Stepping ~*~*~tactically~*~*~ (stealth).
  2024 | D:3      | Noticed Terence
  2035 | D:3      | Killed Terence
  2036 | D:3      | Reached XP level 5. HP: 19/32 MP: 5/5
  2288 | D:3      | 2288 ||| FLEEEEING.
  2289 | D:3      | 2289 ||| FLEEEEING.
  2290 | D:3      | 2290 ||| FLEEEEING.
  2291 | D:3      | 2291 ||| FLEEEEING.
  2689 | D:3      | 2689 ||| READING scroll labelled USESAEMURU.
  2690 | D:3      | 2690 ||| DRINKING 2 fuming silvery potions.
  2740 | D:4      | 2740 ||| Stepping ~*~*~tactically~*~*~ (hiding).
  2745 | D:4      | 2745 ||| Stepping ~*~*~tactically~*~*~ (hiding).
  2749 | D:4      | Reached skill level 5 in Axes
  2765 | D:4      | 2765 ||| DRINKING potion of curing.
  2765 | D:4      | 2765 ||| (to cure confusion)
  2779 | D:4      | Killed from afar by an orc priest

Levels and vault maps discovered:
D:1:      tarquinn_simple_flora_water_e, layout_basic, serial_curves,
          eino_curves_01, eino_curves_02, minmay_misc_feat_x,
          minmay_misc_feat_roman
D:2:      layout_basic, chequers_ecumenical_altar_twisty
D:3:      minmay_evil_eye, layout_loops_cross, uniq_terence
D:4:      kennysheep_slugbush, layout_layer_cave

Skill      XL: |  1  2  3  4  5 |
---------------+----------------+-----
Axes           | 2 3 4 5 |  5.0
Fighting       | |  3.7
Armour         | |  3.2
Shields        | |  3.2

Action                     |  1- 3 |  4- 6 || total
---------------------------+-------+-------++-------
  Melee: War axe           |   117 |   118 ||   235
    Use: Scroll            |     3 |     3 ||     6
         Potion            |       |     3 ||     3
 Armour: Scale mail        |    60 |     5 ||    65
         Chain mail        |       |    46 ||    46
  Dodge: Dodged            |    55 |    53 ||   108
  Block: Buckler           |    20 |    16 ||    36

Table legend:
 A = Non-vault XP
 B = Vault XP
 C = Vault XP percentage of total XP
 D = Non-vault monster count
 E = Vault monster count
 F = Vault count percentage of total count
                 A         B        C        D         E       F
            +---------+---------+-------+---------+---------+-------
      Total |     223 |      54 |  19.5 |      58 |       6 |   9.4
            +---------+---------+-------+---------+---------+-------
        D:1 |      29 |       0 |   0.0 |      18 |       0 |   0.0
        D:2 |      68 |       0 |   0.0 |      23 |       0 |   0.0
        D:3 |      49 |      54 |  52.4 |      13 |       6 |  31.6
        D:4 |      77 |       0 |   0.0 |       4 |       0 |   0.0
            +---------+---------+-------+---------+---------+-------
